 Dungeon Crawl Stone Soup version 0.28.0 (webtiles) character file.

Game seed: 18304729802271323008

246 SnakkuSnakku7 the Insei (level 5, -3/35 HPs)
             Began as a Vampire Fire Elementalist on Feb 14, 2022.
             Slain by a scorpion (4 damage)
             ... on level 4 of the Dungeon.
             The game lasted 00:04:49 (2766 turns).

SnakkuSnakku7 the Insei (Vampire Fire Elementalist) Turns: 2766, Time: 00:04:50

Health: -3/35      AC:  7    Str:  9    XL:     5   Next: 84%
Magic:  8/8        EV: 10    Int: 18    God:
Gold:   94         SH:  0    Dex: 14    Spells: 7/8 levels left

rFire   . . .      SeeInvis +     - Unarmed
rCold   . . .      Faith    .   (no shield)
rNeg    . . .      Spirit   .   e - +0 ring mail
rPois   .          Reflect  .   j - +0 helmet
rElec   .          Harm     .   (no cloak)
rCorr   .          Rampage  .   (no gloves)
Will    .....                   d - +0 pair of boots
Stlth   ++........              c - amulet of regeneration
HPRegen 1.11/turn               (no ring)
MPRegen 0.11/turn               (no ring)

@: lethally poisoned (-3 -> -7), flying, healing quickly, invisible
A: alive, fangs 3, see invisible, vampiric 2
a: Exsanguinate


You were on level 4 of the Dungeon.
You visited 1 branch of the dungeon, and saw 4 of its levels.

You collected 94 gold pieces.

Inventory:

Missiles
 l - 6 poisoned darts
Armour
 a - a +0 robe
 d - a +0 pair of boots (worn)
 e - a +0 ring mail (worn)
 j - a +0 helmet (worn)
Jewellery
 c - an amulet of regeneration (around neck)
Scrolls
 b - a scroll of silence {unknown}
 g - 2 scrolls of amnesia {unknown}
 h - 2 scrolls of teleportation
 i - a scroll of enchant weapon {unknown}
 k - a scroll of acquirement {unknown}
Potions
 m - a potion of flight


   Skills:
 - Level 2.1 Dodging
 - Level 3.0 Stealth
 + Level 6.3 Unarmed Combat
 - Level 2.0 Spellcasting
 - Level 0.6 Conjurations
 - Level 2.4 Fire Magic


You had 7 spell levels left.
You knew the following spells:

 Your Spells              Type           Power      Damage    Failure   Level
a - Foxfire               Conj/Fire      28%        2x1d5     26%         1

Your spell library contained the following spells:

 Spells                   Type           Power      Damage    Failure   Level
 Scorch                   Fire           20%        2d6       28%         2
 Conjure Flame            Conj/Fire      7%         6-21      63%         3
 Inner Flame              Hex/Fire       6%         N/A       67%         3
 Gell's Gravitas          Tloc           1%         N/A       83%         3
 Lesser Beckoning         Tloc           1%         N/A       83%         3
 Teleport Other           Tloc           1%         N/A       83%         3
 Flame Wave               Conj/Fire      7%         2d5       95%         4


Dungeon Overview and Level Annotations

Branches:
Dungeon (4/15)
 Temple: D:4-7

Altars:
Trog

Shops:
D:1 ?

Annotations:
D:3 Sigmund


Innate Abilities, Weirdness & Mutations

Your natural rate of healing is accelerated.
You have razor-sharp teeth.
You have supernaturally acute eyesight. (SInv)
You are afflicted with vampirism and can become a bat while bloodless.


Message History

You hit the scorpion but do no damage.
The scorpion is lightly wounded.
You feel sick. The scorpion barely misses you.
You hit the scorpion but do no damage.
The scorpion is lightly wounded.
You feel sick. The scorpion stings you.
You are more poisoned.
The scorpion poisons you!
You closely miss the scorpion. You bite the scorpion.
The scorpion is moderately wounded.
You feel very sick. The scorpion stings you!
You are too injured to fight recklessly!
You are too injured to fight recklessly!
You are too injured to fight recklessly!
You feel very sick.
Okay, then.
Okay, then.
You fade into invisibility!
You feel sick. The scorpion closely misses you.
You strike the helpless scorpion from behind!
You hit the scorpion but do no damage.
The scorpion is moderately wounded.
You feel sick. The scorpion stings you.
* * * LOW HITPOINT WARNING * * *
You are lethally poisoned!
The scorpion poisons you!
You barely miss the scorpion. Your bite misses the scorpion.
The scorpion is moderately wounded.
* * * LOW HITPOINT WARNING * * *
You feel very sick. The scorpion closely misses you.
Unknown command.
It was a potion of flight.
You feel very buoyant.
You fly up into the air.
* * * LOW HITPOINT WARNING * * *
You feel very sick. The scorpion stings you.
You die...

### ##....# #.
#...#..#
#.#####..###..#
.#........# #.#
......##..# ...
..........# ###.
........#.# .
........#.#####..
.......s@.......#
.#.....##.#######
##..## #.# .....
... ###. ....
...... ......#
$......#


You could see a scorpion.

Vanquished Creatures
  A water moccasin zombie (D:3)
  A hound skeleton (D:2)
  Robin (D:3)
  8 adders
  4 worms
  A dart slug (D:1)
  An orc (D:3)
  2 bats
  5 endoplasms
  2 giant cockroaches
  10 goblins
  11 hobgoblins
  10 jackals
  4 quokkas
  6 ball pythons
  5 frilled lizards
  3 kobolds
  5 rats
80 creatures vanquished.

Vanquished Creatures (others)
  3 foxfires (D:1)
3 creatures vanquished.

Grand Total: 83 creatures vanquished

Notes
Turn   | Place    | Note
-------+----------+-------------------------------------------
     0 | D:1      | SnakkuSnakku7 the Vampire Fire Elementalist began the quest
                  | for the Orb.
     0 | D:1      | Reached XP level 1. HP: 13/13 MP: 3/3
   116 | D:1      | Reached skill level 1 in Unarmed Combat
   187 | D:1      | Found Daross's Magic Scroll Emporium.
   236 | D:1      | Reached XP level 2. HP: 16/17 MP: 5/5
   239 | D:1      | Reached skill level 2 in Unarmed Combat
   282 | D:1      | Found a faded altar of an unknown god.
   802 | D:1      | Reached skill level 3 in Unarmed Combat
   901 | D:1      | Gained mutation: You are afflicted with vampirism and can
                  | become a bat while bloodless. [Vampire growth]
   901 | D:1      | Reached XP level 3. HP: 21/21 MP: 6/6
  1383 | D:2      | Reached skill level 4 in Unarmed Combat
  1388 | D:2      | Reached XP level 4. HP: 8/27 MP: 7/7
  2132 | D:3      | Noticed Sigmund
  2164 | D:3      | Noticed Robin
  2198 | D:2      | Reached skill level 5 in Unarmed Combat
  2280 | D:3      | Killed Robin
  2281 | D:3      | Reached XP level 5. HP: 30/35 MP: 8/8
  2466 | D:3      | Reached skill level 6 in Unarmed Combat
  2548 | D:3      | Noticed a moth of wrath
  2551 | D:3      | Found a bloodstained altar of Trog.
  2766 | D:4      | HP: 1/35 [poisoned by a scorpion]
  2766 | D:4      | Slain by a scorpion

Illustrated notes

Levels and vault maps discovered:
D:1:      tarquinn_simple_flora_water_f, layout_basic,
          chequers_ecumenical_altar_twisty, serial_shops, shop, chequers_garden
D:2:      layout_basic, hangedman_decor_points, minmay_misc_feat_nine_boxes
D:3:      layout_rooms, tgw_trog, uniq_sigmund, uniq_robin
D:4:      layout_rooms

Skill      XL: |  1  2  3  4  5 |
---------------+----------------+-----
Unarmed Combat | 1 3 4 5 6 |  6.3
Dodging        | |  2.1
Stealth        | |  3.0
Spellcasting   | |  2.0
Conjurations   | |  0.6
Fire Magic     | |  2.4

Action                   |  1- 3 |  4- 6 || total
-------------------------+-------+-------++-------
Melee: Unarmed           |   183 |   231 ||   414
       Bite              |    18 |    23 ||    41
       Punch             |     7 |     7 ||    14
 Cast: Foxfire           |     2 |       ||     2
 Abil: Exsanguinate      |     1 |       ||     1
       Revivify          |     1 |       ||     1
  Use: Potion            |     1 |     2 ||     3
       Scroll            |       |     1 ||     1
 Stab: Sleeping          |     2 |     3 ||     5
       Invisible         |     2 |     3 ||     5
Armor: Robe              |    20 |       ||    20
       Ring mail         |    30 |    74 ||   104
Dodge: Dodged            |   115 |   108 ||   223
